 Dungeon Crawl Stone Soup version 0.27-a0-1202-ge72e49191c (webtiles) character file.

Game seed: 9166027496843502868

3076 lightspider the Fighter (level 9, -1/82 HPs)
             Began as a Minotaur Berserker on June 3, 2021.
             Was an Elder of Trog.
             Slain by an ice beast (3 damage)
             ... while petrified by a basilisk
             ... on level 8 of the Dungeon.
             The game lasted 00:19:39 (6360 turns).

lightspider the Fighter (Minotaur Berserker)        Turns: 6360, Time: 00:19:41

Health: -1/82      AC:  7    Str: 30    XL:     9   Next: 58%
Magic:  8/8        EV:  2    Int:  4    God:    Trog [****..]
Gold:   252        SH:  0    Dex: 11    Spells: 8/8 levels left

rFire    + . .     SeeInvis .   k - +1 broad axe (protect)
rCold    . . .     Faith    .   u - +0 buckler
rNeg     + + +     Spirit   .   j - +2 leather armour {rF+}
rPois    ∞         Reflect  .   (helmet restricted)
rElec    .         Harm     .   l - +0 cloak
rCorr    .         Rampage  .   (no gloves)
Will     .....                  (no boots)
Stlth    +.........             (no amulet)
HPRegen  0.23/turn              s - +4 ring of evasion
MPRegen  0.11/turn              v - +6 ring of strength

@: lethally poisoned (-1 -> -1), petrified
A: horns 2, retaliatory headbutt
a: Renounce Religion, Berserk, Trog's Hand, Brothers in Arms


You were on level 8 of the Dungeon.
You worshipped Trog.
Trog was greatly pleased with you.
You visited 1 branch of the dungeon, and saw 8 of its levels.

You collected 349 gold pieces.
You spent 97 gold pieces at shops.

Inventory:

Hand Weapons
 a - a +0 hand axe
 e - a +0 club
 k - a +1 broad axe of protection (weapon)
 n - a +0 war axe of protection
Missiles
 A - a curare-tipped dart
Armour
 b - a +1 animal skin
 j - a +2 leather armour of fire resistance (worn)
 l - a +0 cloak (worn)
 u - a +0 buckler (worn)
Jewellery
 s - a +4 ring of evasion (left hand)
 v - a +6 ring of strength (right hand)
Wands
 r - a wand of flame (35)
Scrolls
 d - a scroll of fear
 m - 2 scrolls of enchant weapon
 o - a scroll of summoning
 t - a scroll of teleportation
 y - a scroll of identify
Potions
 c - a potion of berserk rage
 f - a potion of curing {unknown}
 g - a potion of magic
 h - 3 potions of flight
 i - a potion of invisibility {unknown}
 p - a potion of might
 q - a potion of attraction {unknown}
 w - 2 potions of haste
 x - a potion of lignification {unknown}
 z - 3 potions of ambrosia {unknown}
 B - a potion of brilliance {unknown}


   Skills:
 + Level 8.9 Fighting
 + Level 8.9 Axes
 + Level 8.4 Armour
 + Level 7.6 Dodging


You had 8 spell levels left.
You didn't know any spells.
Your spell library was empty.

Dungeon Overview and Level Annotations

Branches:
Dungeon (8/15)             Temple (0/1) D:5            Lair (0/6) D:8

Altars:
Cheibriados
Dithmenos
Hepliaklqana
Kikubaaqudgha
Makhleb
Okawaru
Ru
Vehumet
Yredelemnul
Zin

Shops:
D:1 **[=   D:3 *   D:6 ((**   D:7 !


Innate Abilities, Weirdness & Mutations

You have a pair of horns on your head.
You reflexively headbutt those who attack you in melee.


Message History

The wyvern bites the plant.
The wyvern misses you.
Your limbs are stiffening.
An ice beast comes into view.
You feel very sick. The water moccasin bites you. The basilisk bites you!
You have turned to stone.
The water moccasin bites you. The wyvern bites you!
A killer bee zombie comes into view.
The water moccasin bites you but does no damage.
The wyvern bites you. The basilisk gazes at you.
A nearby plant withers and dies.
The wyvern barely misses you. The wyvern bites you.
The water moccasin bites you. The wyvern bites you. The basilisk bites you!
The wyvern bites you but does no damage.
The wyvern bites you! x2; The water moccasin bites you.
The wyvern bites you. x2
The basilisk gazes at you. The wyvern bites you. The water moccasin bites you!
The wyvern bites you!
* * * LOW HITPOINT WARNING * * *
The wyvern bites you.
* * * LOW HITPOINT WARNING * * *
The wyvern completely misses you. The water moccasin bites you.
* * * LOW HITPOINT WARNING * * *
A yak comes into view.
The basilisk bites you.
* * * LOW HITPOINT WARNING * * *
The wyvern bites you but does no damage.
The yak bellows!
The wyvern barely misses you. The wyvern bites you.
The water moccasin bites you.
* * * LOW HITPOINT WARNING * * *
The wyvern bites you but does no damage.
The basilisk bites you!
* * * LOW HITPOINT WARNING * * *
The wyvern bites you but does no damage.
The wyvern bites you!
* * * LOW HITPOINT WARNING * * *
The ice beast hits you.
* * * LOW HITPOINT WARNING * * *
The ice beast freezes you!
You die...

♣P...# .P..♣.#
.P....P
.......## #.
.PP..P..# ...
P.......# ..
>..Y...Y####.#
PsP...)SSl...#
.....PZYl@..##
l.......llY.#
P.P..P....#....
.............###
♣.........#.##
.P........#.#
......#.### #
...#..


You could see 3 yaks, a basilisk, 2 water moccasins, 3 wyverns, an ice beast and
a killer bee zombie.

Vanquished Creatures
  A wraith (D:7)
  4 water moccasins
  An ice beast (D:7)
  A hornet zombie (D:7)
  A sky beast (D:6)
  6 ogres
  2 centaurs
  2 phantoms
  2 kobold brigands (D:7)
  A bullfrog (D:7)
  A wyvern zombie (D:7)
  5 scorpions
  2 howler monkeys (D:7)
  A centaur zombie (D:6)
  2 bullfrog zombies
  A hound (D:6)
  A jelly (D:5)
  A gnoll shaman (D:7)
  2 orc priests (D:6)
  A bullfrog skeleton (D:7)
  A centaur skeleton (D:5)
  Jessica (D:3)
  A scorpion zombie (D:5)
  Terence (D:3)
  Natasha (twice) (D:3)
  3 orc wizards
  A howler monkey skeleton (D:7)
  11 gnolls
  4 adders
  A shadow imp (D:7)
  An ufetubus (D:5)
  An adder zombie (D:5)
  A worm (D:3)
  3 dart slugs
  5 orcs
  An endoplasm (D:2)
  3 giant cockroaches
  7 goblins
  7 hobgoblins
  6 jackals (D:1)
  14 kobolds
  5 quokkas
  5 ball pythons
  9 bats
  4 frilled lizards
  A quokka skeleton (D:4)
  9 rats
146 creatures vanquished.

Vanquished Creatures (collateral kills)
  A wyvern skeleton (D:6)
1 creature vanquished.

Vanquished Creatures (others)
  A centaur (D:8)
  2 bullfrogs (D:8)
  7 plants
10 creatures vanquished.

Grand Total: 157 creatures vanquished

Notes
Turn   | Place    | Note
-------+----------+-------------------------------------------
     0 | D:1      | lightspider the Minotaur Berserker began the quest for the
                  | Orb.
     0 | D:1      | Reached XP level 1. HP: 19/19 MP: 0/0
    16 | D:1      | Found Lodow's Assorted Antiques.
   220 | D:1      | Reached XP level 2. HP: 15/27 MP: 1/1
   561 | D:1      | Found Teblopa's Assorted Antiques.
   574 | D:1      | Reached XP level 3. HP: 30/33 MP: 2/2
   654 | D:1      | Reached ** piety under Trog
   704 | D:1      | Found Dakk's Armour Boutique.
   763 | D:1      | Found a faded altar of an unknown god.
   783 | D:1      | Found Tadiptycw's Jewellery Boutique.
  1602 | D:3      | Noticed Jessica
  1611 | D:2      | Reached XP level 4. HP: 21/40 MP: 3/3
  2155 | D:3      | Found Ylledd's Assorted Antiques.
  2181 | D:3      | Bought a scroll labelled JOV GYAXZA MUZ for 24 gold pieces
  2181 | D:3      | Bought a scroll labelled QENLOD ROFRI for 24 gold pieces
  2247 | D:3      | Killed Jessica
  2384 | D:3      | Noticed Terence
  2393 | D:3      | Killed Terence
  2394 | D:3      | Reached XP level 5. HP: 47/47 MP: 4/4
  2481 | D:3      | Noticed Natasha
  2490 | D:3      | Killed Natasha
  2491 | D:3      | Reached skill level 5 in Axes
  2527 | D:3      | Found an iron altar of Okawaru.
  2650 | D:3      | Noticed Natasha
  2661 | D:3      | Killed Natasha
  2894 | D:3      | Found an ancient bone altar of Kikubaaqudgha.
  2894 | D:3      | Found a shadowy altar of Dithmenos.
  2894 | D:3      | Found a basalt altar of Yredelemnul.
  2894 | D:3      | Found a hazy altar of Hepliaklqana.
  2902 | D:3      | Found a radiant altar of Vehumet.
  2902 | D:3      | Found a burning altar of Makhleb.
  3046 | D:4      | Reached skill level 5 in Fighting
  3130 | D:4      | Reached XP level 6. HP: 56/56 MP: 5/5
  3297 | D:4      | Found a sacrificial altar of Ru.
  3647 | D:4      | Reached *** piety under Trog
  3755 | D:5      | Entered Level 5 of the Dungeon
  3807 | D:5      | Reached skill level 5 in Armour
  3807 | D:5      | Reached XP level 7. HP: 55/62 MP: 6/6
  3930 | D:5      | Reached skill level 5 in Dodging
  4125 | D:5      | Found a glowing silver altar of Zin.
  4310 | D:5      | Reached XP level 8. HP: 59/71 MP: 7/7
  4457 | D:5      | Found a staircase to the Ecumenical Temple.
  4549 | D:6      | Found a snail-covered altar of Cheibriados.
  4764 | D:6      | Found Kusimm's Assorted Antiques.
  4865 | D:6      | Found Ziweimec's Assorted Antiques.
  4868 | D:6      | Found Xockap's Weapon Emporium.
  4869 | D:6      | Found Zousysos's Weapon Emporium.
  4890 | D:6      | Bought a +0 war axe for 49 gold pieces
  5305 | D:7      | Reached XP level 9. HP: 76/81 MP: 8/8
  5352 | D:7      | Found Adohokku's Distillery.
  5460 | D:7      | Reached **** piety under Trog
  5797 | D:7      | Identified the +4 shortbow of Daseb {speed, rElec Int+2
                  | Dex+4 Stlth-}
  6351 | D:8      | Found a staircase to the Lair.
  6360 | D:8      | HP: 4/82 [wyvern (6)]
  6360 | D:8      | Slain by an ice beast

Illustrated notes

Levels and vault maps discovered:
D:1:      wander_arrival_abandoned_jail, layout_basic, serial_shops, shop,
          nicolae_shop_overgrown_old_shop, shop_statue, shop,
          hellmonk_ecumenical_altar_inner_sanctum
D:2:      layout_rooms, minmay_fountain_box, roderic_serpentine_path
D:3:      layout_rooms, kennysheep_okawaru_gauntlet, minmay_overflow_temple_hex,
          serial_shops, shop, uniq_jessica, uniq_terence, uniq_natasha
D:4:      layout_rooms, nicolae_overflow_crystal_walls
D:5:      layout_rooms, zin_scriptorium, minmay_temple_entry_nine_rooms
D:6:      layout_cave_pools, lemuel_round_altar, minmay_shop_grid_forest
D:7:      minmay_general_purpose_star, layout_basic, serial_shops, shop,
          kennysheep_cross_room, minmay_fractal_squares_5
D:8:      layout_rooms, xom_confusion_cloud, minmay_lair_entry_grove,
          hangedman_decor_diamond_cutter

Skill      XL: |  1  2  3  4  5  6  7  8  9 |
---------------+----------------------------+-----
Axes           | 4 5 6 8 |  8.9
Fighting       | 4 5 6 7 8 |  8.9
Armour         | 3 4 5 6 7 8 |  8.4
Dodging        | 3 4 5 6 7 |  7.6

Action                   |  1- 3 |  4- 6 |  7- 9 || total
-------------------------+-------+-------+-------++-------
Melee: Hand axe          |    82 |       |       ||    82
       Headbutt          |    21 |    13 |    36 ||    70
       Broad axe         |    19 |    65 |   144 ||   228
Invok: Berserk           |       |     7 |       ||     7
       Trog's Hand       |       |     1 |       ||     1
  Use: Scroll            |     4 |     6 |     4 ||    14
Armor: Animal skin       |    21 |       |       ||    21
       Leather armour    |     8 |    22 |    56 ||    86
Dodge: Dodged            |    74 |    58 |   130 ||   262
Block: Buckler           |       |       |    23 ||    23

Table legend: (Time is in decaauts)
 A = Elapsed time spent in this place.
 B = Non-inter-level travel time spent in this place.
 C = Inter-level travel time spent in this place.
 D = Time resting spent in this place.
 E = Time spent auto-exploring this place.
 F = Levels seen in this place.
 G = Mean time per level.
                   A        B        C        D        E       F      G
               +--------+--------+--------+--------+--------+-----+--------+
         Total |   6535 |   6313 |    222 |   1463 |   3543 |   8 |  816.9 |
       Dungeon |   6535 |   6313 |    222 |   1463 |   3543 |   8 |  816.9 |
               +--------+--------+--------+--------+--------+-----+--------+

Top non-repeatable levels by time:
     D:7: 1163 daAuts
     D:2: 1107 daAuts
     D:1: 1065 daAuts
     D:3: 945 daAuts
     D:5: 811 daAuts
     D:4: 759 daAuts
     D:6: 670 daAuts
     D:8: 11 daAuts
